 Dungeon Crawl Stone Soup version 0.18.1-5-g4a78601 (webtiles) character file.

8835 dracos369 the Spear-Bearer (level 11, -6/84 HPs)
             Began as a Merfolk Skald on May 13, 2016.
             Was a Believer of Yredelemnul.
             Mangled by a manticore (14 damage)
             ... on level 11 of the Dungeon.
             The game lasted 00:43:21 (11799 turns).

dracos369 the Spear-Bearer (Merfolk Skald)         Turns: 11799, Time: 00:43:23

Health: -6/84      AC: 12    Str: 13    XL:     11   Next: 37%
Magic:  6/17       EV: 19    Int: 19    God:    Yredelemnul [**....]
Gold:   566        SH:  0    Dex: 16    Spells: 6 memorised, 5 levels left

rFire  . . .     SeeInvis .     N - +2 trident (venom)
rCold  . . .     Gourm    .     a - +5 leather armour of Pleasant Breezes {Int+3}
rNeg   . . .     Faith    .     (no shield)
rPois  .         Spirit   .     (no helmet)
rElec  .         Dismiss  .     I - +2 cloak {MR+}
rCorr  .         Reflect  .     j - +0 pair of gloves
SustAt .         Harm     .     (no boots)
MR     +....                    (no amulet)
Stlth  +.........               m - +2 ring of evasion
                                w - +4 ring of intelligence

@: manticore barbs, very slightly contaminated, regenerating (expiring),
somewhat resistant to hostile enchantments, very unstealthy
A: change form in water, swift swim
a: Animate Remains, Recall Undead Slaves, Injury Mirror, Renounce Religion


You were on level 11 of the Dungeon.
You worshipped Yredelemnul.
Yredelemnul was pleased with you.
You were very hungry.

You visited 2 branches of the dungeon, and saw 12 of its levels.
You also visited: Ossuary.

You collected 566 gold pieces.

Inventory:

Hand Weapons
 G - a +1 glaive
 L - a +2 trident of flaming
 N - a +2 trident of venom (weapon)
Missiles
 e - 13 tomahawks (quivered)
 K - 16 throwing nets
Armour
 a - the +5 leather armour of Pleasant Breezes (worn) {Int+3}
   (You found it on level 6 of the Dungeon)

   It affects your intelligence (+3).
 j - a +0 pair of gloves (worn)
 I - a +2 cloak of magic resistance (worn)
 V - a +2 robe of positive energy
 Y - a troll hide
Jewellery
 i - an uncursed ring of protection from fire
 m - a +2 ring of evasion (right hand)
 w - a +4 ring of intelligence (left hand)
 Q - an uncursed ring of sustain attributes
Wands
 b - a wand of digging (13/24)
 y - a wand of teleportation (6/9)
 D - a wand of confusion (14/48)
 H - a wand of iceblast (2/15)
 J - a wand of disintegration (14/24)
 M - a wand of paralysis (8/24)
 O - a wand of enslavement (16/24)
 T - a wand of lightning (8/15)
 U - a wand of hasting (4/9)
 W - a wand of iceblast (6/15)
 Z - a wand of slowing (26/48)
Scrolls
 h - 2 scrolls of enchant weapon
 k - 2 scrolls of amnesia
 l - 3 scrolls of remove curse
 t - 2 scrolls of holy word {unknown}
 u - 2 scrolls of identify
 x - 4 scrolls of enchant armour
 P - a scroll of blinking
 R - a scroll of teleportation
Potions
 f - 2 potions of haste
 n - 2 potions of agility
 o - 2 potions of degeneration {unknown}
 p - 3 potions of flight
 s - a potion of mutation {unknown}
 v - 4 potions of curing
 z - 2 potions of might {unknown}
 A - a potion of brilliance {unknown}
 B - 2 potions of experience {unknown}
 F - 2 potions of cancellation {unknown}
 S - a potion of cure mutation {unknown}
Books
 c - a book of Battle

   Spells                             Type                      Level
   a - Infusion                       Charms                       1
   b - Shroud of Golubria             Charms/Translocation         2
   c - Song of Slaying                Charms                       2
   d - Spectral Weapon                Hexes/Charms                 3
   e - Regeneration                   Charms/Necromancy            3
 C - a book of Clouds

   Spells                             Type                      Level
   a - Mephitic Cloud                 Conjuration/Poison/Air       3
   b - Conjure Flame                  Conjuration/Fire             3
   c - Poisonous Cloud                Conjuration/Poison/Air       6
   d - Freezing Cloud                 Conjuration/Ice/Air          6
   e - Ring of Flames                 Charms/Fire                  7
Comestibles
 d - 12 bread rations
 g - a slice of pizza
 q - 9 fruits
 E - 5 beef jerkies


   Skills:
 + Level 7.5 Fighting
 * Level 13.4 Polearms
 - Level 3.0 Armour
 + Level 7.9 Dodging
 - Level 4.0 Spellcasting
 - Level 6.0 Hexes
 + Level 8.3 Charms
 + Level 0.4 Necromancy
 + Level 0.2 Translocations
 + Level 3.6 Invocations


You had 5 spell levels left.
You knew the following spells:

 Your Spells              Type           Power        Failure   Level  Hunger
a - Infusion              Chrm           ####         1%          1    None
b - Song of Slaying       Chrm           #####...     1%          2    ##.....
c - Spectral Weapon       Hex/Chrm       ####....     2%          3    ###....
d - Corpse Rot            Necr           N/A          28%         2    ##.....
f - Regeneration          Chrm/Necr      ###.......   12%         3    ###....
g - Shroud of Golubria    Chrm/Tloc      ###.......   6%          2    ##.....


Dungeon Overview and Level Annotations

Branches:
Dungeon (11/15)            Temple (1/1) D:6
   Lair: D:8-11         Orc: D:9-12

Altars:
Ashenzari
Cheibriados
Dithmenos
Elyvilon
Fedhas
Gozag
Kikubaaqudgha
Makhleb
Nemelex Xobeh
Okawaru
Pakellas
Qazlal
Ru
Sif Muna
Trog
Vehumet
Xom
Yredelemnul
Zin
The Shining One

Shops:
D:4 (*

Annotations:
D:8 dracos369's ghost, novice MfSk


Message History

* * * LOW HITPOINT WARNING * * *
The manticore closely misses you. The manticore claws you!
* * * LOW HITPOINT WARNING * * *
Drink which item? (? for menu, Esc to quit)
Okay, then.
Drink which item? (? for menu, Esc to quit)
Okay, then.
Casting: Regeneration
Confirm with . or Enter, or press ? or * to list all spells.
You miscast Spectral Weapon.
You are very lightly contaminated with residual magic.
Strange energies run through your body.
Your skin is crawling a little less now.
Something hits you!
* * * LOW HITPOINT WARNING * * *
Something hits you.
* * * LOW HITPOINT WARNING * * *
The manticore bites you!
You die...
Your body rises from the dead as a mindless zombie.

.# #<# #.### #...#####
#..........
#######....... .#
#............. ..
#@.....# .# # ##H##..#
.#
###.##)##.Z######.####
#......##....)....)...
#......###...[..<.###
#........# #.########
.........# #.#
.........# #..
..$.....## #.#


You could see a manticore.

Vanquished Creatures
  Pikel (D:4)
  3 trolls
  A two-headed ogre (D:10)
  A shadow (D:8)
  Sigmund (D:6)
  5 yaks (D:10)
  A steam dragon (D:10)
  A water moccasin (D:6)
  Edmund (D:3)
  Duvessa (D:5)
  2 orc warriors
  2 sky beasts
  7 phantoms
  A black bear (D:10)
  3 ice beasts
  A slave (D:4)
  10 ogres
  A necrophage (D:9)
  2 centaurs
  5 giant frogs
  Dowan (D:5)
  A scorpion (D:8)
  A water moccasin skeleton (D:9)
  8 wights
  5 centaur zombies
  6 crimson imps
  3 giant frog zombies
  2 jellies
  A quasit (D:10)
  7 hounds
  3 giant frog skeletons
  2 orc priests
  A centaur skeleton (D:7)
  Ijyb (D:3)
  Natasha (thrice) (D:3)
  Terence (D:3)
  An iguana (D:5)
  6 orc wizards
  6 worker ants
  A killer bee zombie (D:7)
  6 big kobold zombies (Ossuary)
  3 hound skeletons
  6 mummies (Ossuary)
  2 worker ant zombies (D:5)
  8 gnolls
  A howler monkey skeleton (D:4)
  17 adders
  A shadow imp (D:7)
  An ooze (D:1)
  2 worms (D:4)
  3 dart slugs
  5 giant geckos
  39 orcs
  6 giant cockroaches
  7 goblins
  7 hobgoblins
  5 jackals
  5 kobolds
  5 quokkas
  3 bats
  3 giant newts
  2 hobgoblin zombies (Ossuary)
  6 rats
253 creatures vanquished.

Vanquished Creatures (collateral kills)
  Erica (D:10)
  A hill giant (D:10)
  A hound skeleton (D:10)
  A shadow imp (D:10)
  An orc (D:9)
  A quokka (D:10)
6 creatures vanquished.

Vanquished Creatures (others)
  2 slaves (D:4)
  An ogre (D:4)
  3 yak zombies (D:10)
  A two-headed ogre zombie (D:10)
  A black bear zombie (D:10)
  A worker ant (D:4)
  An ogre skeleton (D:9)
  A necrophage skeleton (D:9)
  A shadow imp (D:4)
  7 orc zombies
  A giant gecko (D:4)
  A giant newt (D:4)
  2 spectral weapons
23 creatures vanquished.

Grand Total: 282 creatures vanquished

Notes
Turn   | Place    | Note
--------------------------------------------------------------
     0 | D:1      | dracos369 the Merfolk Skald began the quest for the Orb.
     0 | D:1      | Reached XP level 1. HP: 16/16 MP: 3/3
   416 | D:1      | Reached skill level 4 in Polearms
   416 | D:1      | Reached XP level 2. HP: 18/22 MP: 5/5
   560 | D:1      | Reached XP level 3. HP: 14/27 MP: 6/6
   619 | D:1      | Reached skill level 5 in Polearms
  1038 | D:1      | You fall through a shaft!
  1180 | D:2      | Found a glowing golden altar of the Shining One.
  1370 | D:2      | Learned a level 2 spell: Shroud of Golubria
  1374 | D:2      | Learned a level 3 spell: Spectral Weapon
  1446 | D:2      | Found a stormy altar of Qazlal.
  1503 | D:2      | Found an iron altar of Okawaru.
  1513 | D:2      | Reached XP level 4. HP: 21/33 MP: 7/7
  1866 | D:3      | Reached skill level 6 in Polearms
  1866 | D:3      | Reached skill level 1 in Hexes
  2209 | D:3      | Reached XP level 5. HP: 35/38 MP: 8/8
  2228 | D:3      | Noticed Terence
  2249 | D:3      | Killed Terence
  2581 | D:3      | Noticed Ijyb
  2601 | D:3      | Killed Ijyb
  2792 | D:3      | Noticed Natasha
  2797 | D:3      | Killed Natasha
  2797 | D:3      | Reached skill level 1 in Armour
  2858 | D:3      | Noticed Natasha
  2865 | D:3      | Killed Natasha
  2865 | D:3      | Reached XP level 6. HP: 45/46 MP: 5/9
  2874 | D:3      | Noticed Natasha
  2879 | D:3      | Killed Natasha
  3039 | D:4      | Found a shimmering altar of Xom.
  3039 | D:4      | Noticed a phantom
  3039 | D:4      | Noticed a phantom
  3155 | D:3      | Killed a phantom
  3155 | D:3      | Reached skill level 7 in Polearms
  3438 | D:4      | Noticed Edmund
  3463 | D:3      | Killed Edmund
  3463 | D:3      | Reached XP level 7. HP: 20/52 MP: 6/10
  3770 | D:4      | Reached skill level 5 in Charms
  3865 | D:4      | Noticed Pikel
  3882 | D:4      | Killed Pikel
  3882 | D:4      | Reached skill level 8 in Polearms
  3882 | D:4      | Reached XP level 8. HP: 10/60 MP: 6/11
  3887 | D:4      | Found an oddly glowing altar of Pakellas.
  4113 | D:4      | Learned a level 3 spell: Regeneration
  4116 | D:4      | Learned a level 2 spell: Song of Slaying
  4234 | D:4      | Found a shattered altar of Ashenzari.
  4234 | D:4      | Found an opulent altar of Gozag.
  4402 | D:4      | Found Vonaum's Weapon Emporium.
  4729 | D:4      | Found a glowing silver altar of Zin.
  4732 | D:4      | Found Zin's Purification Station.
  5085 | D:4      | Found an ancient bone altar of Kikubaaqudgha.
  5089 | D:4      | Found a shadowy altar of Dithmenos.
  5090 | D:4      | Found an oddly glowing altar of Pakellas.
  5274 | D:4      | Found a blossoming altar of Fedhas.
  5328 | D:5      | Entered Level 5 of the Dungeon
  5482 | D:5      | Reached skill level 9 in Polearms
  5521 | D:5      | Found a snail-covered altar of Cheibriados.
  5533 | D:5      | Reached skill level 5 in Fighting
  5728 | D:5      | Reached XP level 9. HP: 35/68 MP: 12/12
  6183 | D:5      | Noticed Dowan
  6186 | D:5      | Noticed Duvessa
  6197 | D:5      | Killed Duvessa
  6209 | D:5      | Killed Dowan
  6508 | D:6      | Reached skill level 10 in Polearms
  6969 | D:6      | Reached skill level 5 in Hexes
  7179 | D:6      | Found a staircase to the Ecumenical Temple.
  7185 | Temple   | Entered the Ecumenical Temple
  7200 | Temple   | Became a worshipper of Yredelemnul the Dark
  7384 | D:6      | Got a jewelled leather armour
  7395 | D:6      | Identified the +5 leather armour of Pleasant Breezes {Int+3} (You found it on level 6 of the Dungeon)
  7470 | D:6      | Noticed Sigmund
  7478 | D:6      | Killed Sigmund
  7502 | D:6      | Reached skill level 5 in Dodging
  7740 | D:7      | Reached skill level 11 in Polearms
  7855 | D:7      | Reached XP level 10. HP: 62/76 MP: 10/14
  7977 | D:7      | Found a sand-covered staircase.
  8015 | Ossuary  | Entered an ossuary
  8718 | D:7      | Found a burning altar of Makhleb.
  8719 | D:7      | Found a radiant altar of Vehumet.
  9184 | D:8      | Noticed dracos369's ghost (novice MfSk)
  9838 | D:9      | Found a glowing golden altar of the Shining One.
  9862 | D:9      | Reached skill level 12 in Polearms
  9946 | D:9      | Reached * piety under Yredelemnul
  9946 | D:9      | Reached skill level 1 in Invocations
 10666 | D:9      | Found a sacrificial altar of Ru.
 10803 | D:10     | Entered Level 10 of the Dungeon
 11033 | D:10     | Reached XP level 11. HP: 66/84 MP: 17/17
 11251 | D:10     | Reached skill level 13 in Polearms
 11400 | D:10     | Noticed Erica
 11415 | D:10     | Killed Erica
 11462 | D:10     | Noticed a hill giant
 11474 | D:10     | Killed a hill giant
 11552 | D:10     | Learned a level 2 spell: Corpse Rot
 11736 | D:11     | Reached ** piety under Yredelemnul
 11777 | D:11     | Noticed a manticore
 11799 | D:11     | Mangled by a manticore

Skill      XL: |  1  2  3  4  5  6  7  8  9 10 11 |
---------------+----------------------------------+-----
Polearms       | 4 5 6 7 8 9 11 12 13 | 13.4
Hexes          | 1 2 3 4 5 6 |  6.0
Charms         | 4 5 6 7 8 |  8.3
Armour         | 1 2 3 |  3.0
Fighting       | 3 4 5 7 |  7.5
Dodging        | 3 5 7 |  7.9
Spellcasting   | 3 4 |  4.0
Invocations    | 2 3 |  3.6
Necromancy     | |  0.4
Translocations | |  0.2

Action                   |  1- 3 |  4- 6 |  7- 9 | 10-12 || total
-------------------------+-------+-------+-------+-------++-------
Melee: Spear             |   151 |    50 |       |       ||   201
       Trident           |       |   115 |    28 |   368 ||   511
       Glaive            |       |       |   302 |   101 ||   403
       Tailslap          |       |       |       |     6 ||     6
Throw: Tomahawk          |     1 |     2 |     8 |     6 ||    17
 Cast: Infusion          |     4 |     1 |       |     1 ||     6
       Spectral Weapon   |       |     6 |    15 |    12 ||    33
       Shroud of Golubri |       |       |     2 |     1 ||     3
       Regeneration      |       |       |       |     2 ||     2
Invok: Animate Remains   |       |       |       |    15 ||    15
  Use: Scroll            |       |       |    13 |     3 ||    16
       Potion            |       |       |       |     2 ||     2
 Stab: Sleeping          |     2 |       |       |     2 ||     4
       Distracted        |       |       |     3 |     3 ||     6
  Eat: Chunk             |     2 |     6 |    18 |    13 ||    39
       Pizza             |       |       |       |     1 ||     1
Armor: Leather armour    |    25 |    39 |    15 |    73 ||   152
       Animal skin       |       |       |    46 |       ||    46
Dodge: Dodged            |    74 |    81 |   245 |   194 ||   594
Block: Buckler           |     7 |     8 |       |       ||    15
